 Dungeon Crawl Stone Soup version 0.18.1-8-gdd0e5ea (webtiles) character file.

3470 jacquesderrida the Poker (level 9, -6/65 HPs)
             Began as a Demonspawn Skald on May 27, 2016.
             Was a Follower of Ashenzari.
             Mangled by a white ugly thing (17 damage)
             ... on level 11 of the Dungeon.
             The game lasted 00:19:14 (4426 turns).

jacquesderrida the Poker (Demonspawn Skald)         Turns: 4426, Time: 00:19:15

Health: -6/65      AC:  8    Str: 11 (12) XL:     9   Next: 79%
Magic:  8/12       EV: 15    Int: 13 (15) God:    Ashenzari [*.....]
Gold:   340        SH:  0    Dex: 15 (17) Spells: 3 memorised, 5 levels left

rFire  . . .     SeeInvis .     a - +2 halberd (curse)
rCold  + . .     Gourm    .     b - +0 leather armour
rNeg   . . .     Faith    .     (shield currently unavailable)
rPois  .         Spirit   .     E - +1 helmet
rElec  .         Dismiss  .     y - +0 cloak
rCorr  .         Reflect  .     (no gloves)
SustAt .         Harm     .     (no boots)
MR     .....                    (no amulet)
Stlth  +++.......               x - +2 ring of protection (curse)
                                n - ring of protection from cold

@: not resistant to hostile enchantments, fairly stealthy
A: claws 2, thin skeletal structure 1, nightstalker 1, powered by death 2
a: Curse Item, Scrying, Renounce Religion


You were on level 11 of the Dungeon.
You worshipped Ashenzari.
Ashenzari was aware of your devotion.
You were not hungry.

You visited 2 branches of the dungeon, and saw 12 of its levels.

You collected 340 gold pieces.

Inventory:

Hand Weapons
 a - a cursed +2 halberd (weapon)
 m - a +1 trident of protection
 G - a +1 halberd
Missiles
 j - 11 tomahawks (quivered)
Armour
 b - a +0 leather armour (worn)
 y - a +0 cloak (worn)
 E - a +1 helmet (worn)
Jewellery
 n - a ring of protection from cold (left claw)
 x - a cursed +2 ring of protection (right claw)
Wands
 g - a wand of slowing (48/48)
 o - a wand of polymorph (11/24)
 t - a wand of lightning (7/15)
 C - a wand of digging (6/24)
Scrolls
 e - a scroll of magic mapping
 q - a scroll of enchant weapon
 v - a scroll of teleportation
 B - a scroll of amnesia
Potions
 h - 3 potions of curing
 p - 3 potions of might
 r - a potion of cancellation
 s - 2 potions of lignification {unknown}
 u - a potion of haste {unknown}
 z - 2 potions of agility
 A - a potion of ambrosia
Books
 c - a book of Battle

   Spells                             Type                      Level
   a - Infusion                       Charms                       1
   b - Shroud of Golubria             Charms/Translocation         2
   c - Song of Slaying                Charms                       2
   d - Spectral Weapon                Hexes/Charms                 3
   e - Regeneration                   Charms/Necromancy            3
 k - a book of the Earth

   Spells                             Type                      Level
   a - Leda's Liquefaction            Hexes/Earth                  4
   b - Bolt of Magma                  Conjuration/Fire/Earth       5
   c - Statue Form                    Transmutation/Earth          6
   d - Iron Shot                      Conjuration/Earth            6
   e - Shatter                        Earth                        9
Miscellaneous
 H - a disc of storms
Comestibles
 d - 9 bread rations
 f - 4 fruits
 i - 5 meat rations
 l - a beef jerky
 I - 2 chunks of flesh


   Skills:
 + Level 4.0 Fighting
 + Level 7.6 Polearms
 - Level 0.8 Armour
 + Level 6.8 Dodging
 - Level 2.0 Spellcasting
 - Level 7.0 Hexes
 + Level 4.1 Charms


You had 5 spell levels left.
You knew the following spells:

 Your Spells              Type           Power        Failure   Level  Hunger
a - Infusion              Chrm           ##..         8%          1    ##.....
b - Spectral Weapon       Hex/Chrm       ###.....     12%         3    ####...
c - Regeneration          Chrm/Necr      #.........   43%         3    ####...


Dungeon Overview and Level Annotations

Branches:
Dungeon (11/15)            Temple (1/1) D:4
   Lair: D:8-11         Orc: D:9-12

Altars:
Ashenzari
Cheibriados
Dithmenos
Elyvilon
Makhleb
Qazlal
Ru
Sif Muna
Trog
Vehumet
Yredelemnul
The Shining One

Shops:
D:5 =

Annotations:
D:3 Terence
D:10 striepan's ghost, journeyman MiFi


Innate Abilities, Weirdness & Mutations

You have very sharp fingernails.
You have a somewhat thin skeletal structure (Dex +2, Stealth).
You are slightly more attuned to the shadows.
You regenerate health from kills.


Message History

Drink which item? (? for menu, Esc to quit)
You feel much better. The white ugly thing misses you.
Casting: Spectral Weapon
Confirm with . or Enter, or press ? or * to list all spells.
You draw out your weapon's spirit!
The white ugly thing tail-slaps you! The white ugly thing freezes you!
You resist.
* * * LOW HITPOINT WARNING * * *
Unknown command.
You slash the white ugly thing!
The white ugly thing is severely wounded.
Your spectral weapon misses the white ugly thing.
The white ugly thing closely misses you.
Unknown command.
You barely miss the white ugly thing.
The white ugly thing is severely wounded.
Your spectral weapon closely misses the white ugly thing.
The white ugly thing tail-slaps you!
* * * LOW HITPOINT WARNING * * *
The white ugly thing freezes you! You resist.
You die...

............
......yu...
........y. .........
........
#############.......
......@u....#'#####
#.....##(.........#
#..... #........<.#
...... #..........#
...... #.......)..#
+##### #######....#
#....# #....# #....#


You could see a white ugly thing and a friendly spectral enchanted halberd.

Vanquished Creatures
  A hill giant (D:10)
  2 trolls (D:11)
  A water moccasin (D:5)
  2 ice beasts
  2 ogres
  A necrophage (D:8)
  5 centaurs
  4 giant frogs
  A water moccasin zombie (D:7)
  A scorpion (D:7)
  A killer bee (D:11)
  A wight (D:10)
  5 howler monkeys
  A crimson imp (D:7)
  A centaur zombie (D:5)
  Crazy Yiuf (D:6)
  4 hounds
  A gnoll shaman (D:7)
  4 orc priests
  6 orc wizards
  A centaur skeleton (D:4)
  4 iguanas
  3 worker ants
  A killer bee zombie (D:8)
  A hound zombie (D:7)
  A worker ant zombie (D:5)
  8 adders
  3 gnolls (D:7)
  A shadow imp (D:5)
  An ooze (D:3)
  An adder zombie (D:9)
  A worm (D:5)
  A dart slug (D:1)
  4 giant geckos
  30 orcs
  A ball python (D:2)
  3 goblins
  6 hobgoblins
  12 jackals
  3 kobolds
  3 quokkas
  3 bats
  4 giant newts
  A rat (D:1)
  A plant (D:2)
143 creatures vanquished.

Notes
Turn   | Place    | Note
--------------------------------------------------------------
     0 | D:1      | jacquesderrida the Demonspawn Skald began the quest for the Orb.
     0 | D:1      | Reached XP level 1. HP: 16/16 MP: 3/3
   114 | D:1      | Reached skill level 1 in Dodging
   367 | D:1      | Gained mutation: You regenerate a little health from kills. [demonic ancestry]
   367 | D:1      | Reached XP level 2. HP: 19/22 MP: 5/5
   565 | D:2      | Gained mutation: You have sharp fingernails. [demonic ancestry]
   565 | D:2      | Reached XP level 3. HP: 20/27 MP: 6/6
   902 | D:2      | Learned a level 3 spell: Spectral Weapon
  1035 | D:3      | Reached skill level 1 in Hexes
  1131 | D:3      | Gained mutation: You have a somewhat thin skeletal structure (Dex +2, Stealth). [demonic ancestry]
  1131 | D:3      | Reached XP level 4. HP: 31/33 MP: 7/7
  1249 | D:3      | Noticed Terence
  1405 | D:4      | Gained mutation: You have very sharp fingernails. [demonic ancestry]
  1405 | D:4      | Reached XP level 5. HP: 37/38 MP: 2/8
  1534 | D:4      | Found a staircase to the Ecumenical Temple.
  1544 | Temple   | Entered the Ecumenical Temple
  1552 | Temple   | Became a worshipper of Ashenzari the Shackled
  1587 | D:4      | Reached XP level 6. HP: 30/44 MP: 6/9
  1811 | D:5      | Entered Level 5 of the Dungeon
  1958 | D:5      | Reached XP level 7. HP: 41/50 MP: 1/10
  2014 | D:5      | Found a snail-covered altar of Cheibriados.
  2025 | D:5      | Found a deep blue altar of Sif Muna.
  2030 | D:5      | Found a radiant altar of Vehumet.
  2051 | D:5      | Found a shadowy altar of Dithmenos.
  2087 | D:5      | Reached skill level 5 in Polearms
  2095 | D:5      | Learned a level 3 spell: Regeneration
  2369 | D:5      | Found Caybeid's Jewellery Boutique.
  2379 | D:5      | Gained mutation: You are slightly more attuned to the shadows. [demonic ancestry]
  2379 | D:5      | Reached XP level 8. HP: 56/56 MP: 8/11
  2417 | D:5      | Reached skill level 5 in Hexes
  2690 | D:6      | Noticed Crazy Yiuf
  2698 | D:6      | Killed Crazy Yiuf
  2930 | D:7      | Reached * piety under Ashenzari
  2974 | D:7      | Reached skill level 5 in Dodging
  3557 | D:8      | Gained mutation: You regenerate health from kills. [demonic ancestry]
  3557 | D:8      | Reached XP level 9. HP: 59/60 MP: 8/12
  4119 | D:9      | Found a white marble altar of Elyvilon.
  4192 | D:10     | Entered Level 10 of the Dungeon
  4193 | D:10     | Noticed a hill giant
  4202 | D:10     | Killed a hill giant
  4322 | D:10     | Noticed striepan's ghost (journeyman MiFi)
  4394 | D:11     | Noticed a troll
  4394 | D:11     | Noticed a troll
  4398 | D:11     | Noticed a white ugly thing
  4412 | D:11     | Killed a troll
  4416 | D:11     | Killed a troll
  4426 | D:11     | Mangled by a white ugly thing

Skill      XL: |  1  2  3  4  5  6  7  8  9 |
---------------+----------------------------+-----
Dodging        | 1 2 3 4 5 6 |  6.8
Polearms       | 2 3 4 5 6 7 |  7.6
Hexes          | 1 2 3 4 6 7 |  7.0
Charms         | 4 |  4.1
Fighting       | 4 |  4.0
Armour         | |  0.8
Spellcasting   | |  2.0

Action                   |  1- 3 |  4- 6 |  7- 9 || total
-------------------------+-------+-------+-------++-------
Melee: Spear             |   179 |    67 |       ||   246
       Trident           |       |   112 |   163 ||   275
       Halberd           |       |       |    93 ||    93
Throw: Tomahawk          |       |     1 |     4 ||     5
 Cast: Infusion          |     5 |     1 |       ||     6
       Spectral Weapon   |       |     5 |    26 ||    31
Invok: Curse Item        |       |       |     1 ||     1
Evoke: Wand              |       |       |     4 ||     4
  Use: Potion            |     2 |       |     6 ||     8
       Scroll            |       |       |    17 ||    17
 Stab: Distracted        |       |     1 |     1 ||     2
       Sleeping          |       |     1 |     9 ||    10
  Eat: Chunk             |     1 |     5 |    12 ||    18
Armor: Leather armour    |    21 |    50 |    73 ||   144
Dodge: Dodged            |    84 |    99 |   174 ||   357
